Unix NetHack Version 5.0.0-0 post-release - last build Jul 19 2026 19:10:59 (3aa4ab31751d3886436d94b585a96704892fd477,branch:main).

Game began 2026-07-20 19:05:52, ended 2026-07-21 16:37:44.

CheBegorr4h, chaotic male human Rogue

                                           #####0
                                           #
           ---                       #######
          |...|                      %
          |.<^|                    # #
          |....####  --------------.-#
           ----   ## |..............|#
                   # |...............#            --@
                   # |.............{|            #-?.
                   ##................#############|dd
                     ----------------

CheBegorr4h the Rogue   St:15 Dx:18 Co:18 In:10 Wi:12 Ch:10  Chaotic
Dlvl:23 $:363 HP:0(93) Pw:36(36) AC:-1 Xp:9 T:11800 

Latest messages:
 What do you want to zap? [aABE or ?*] A
 A lit field surrounds you!
 In what direction? j
 You throw 2 daggers named Good.
 The 1st dagger named Good hits the leocrotta!
 The 2nd dagger named Good hits the leocrotta!
 In what direction? j
 The dagger named Good hits the leocrotta!
 The leocrotta hits!
 The leocrotta just misses!
 The leocrotta hits!
 The leocrotta just misses!
 The leocrotta bites!
 The leocrotta just misses!
 What do you want to use or apply? [adegABEHKQSU-WY or ?*] S
 In what direction? j
 Status of the leocrotta (neutral, large):  Level 9  HP 18(41)  AC 4.
 What do you want to zap? [aABE or ?*] ?
 In what direction? j
 The sleep ray hits the leocrotta.
 The sleep ray bounces!
 You strike the leocrotta from behind!
 The immobile leocrotta seems to flinch.
 You strike the leocrotta from behind!
 You strike the leocrotta from behind!
 You kill the leocrotta!
 T - a +3 dagger named Good (at the ready) (6 in total).
 You see here a leocrotta corpse.
 T - 2 +3 daggers named Good (at the ready) (8 in total).
 T - 6 +3 daggers named Good (at the ready) (14 in total).
 What do you want to zap? [aABE or ?*] ?
 In what direction? .
 You are suddenly moving much faster.
 You find a hidden door.
 You hear the footsteps of a guard on patrol.
 That door is closed.
 This door is locked.
 Unlock it with your lock pick? [ynq] (q) y
 You succeed in picking the lock.
 The door resists!
 The door opens.
 You hit the little dog!
 The little dog misses!
 You kill the little dog!
 You see here a scroll labeled LOREM IPSUM.
 The winter wolf bites!
 The sergeant swings his mace.
 The sergeant hits!
 You die...
 Do you want your possessions identified? [ynq] (y) q

Inventory:
 Coins    ('$')
  $ - 363 gold pieces
 Amulets  ('"')
  j - an uncursed amulet of magical breathing (being worn)
 Weapons  (')')
  c - a +3 dagger named Good
  s - a +3 dagger named Good (alternate weapon; not wielded)
  T - 14 +3 daggers named Good (at the ready)
  O - a +0 silver saber (weapon in right hand)
 Armor    ('[')
  F - an uncursed +1 pair of gauntlets of dexterity (being worn)
  I - an uncursed +0 pair of jumping boots (being worn)
  Z - an uncursed +0 pair of water walking boots
  k - an uncursed +0 shield of drain resistance
  p - an uncursed +1 shield of shock resistance (being worn)
  J - an uncursed +0 cloak of invisibility (being worn)
  o - an uncursed +0 elven mithril-coat (being worn)
 Comestibles  ('%')
  w - 2 uncursed slime molds
  b - an uncursed cram ration
  H - 2 cursed cream pies
  i - an uncursed food ration
  C - 2 uncursed lembas wafers
  u - an uncursed lizard corpse
 Scrolls  ('?')
  D - a blessed scroll of enchant armor
  v - an uncursed scroll of enchant armor
  R - an uncursed scroll of food detection
  G - 2 uncursed scrolls of magic mapping
  X - a cursed scroll of teleportation
 Potions  ('!')
  L - an uncursed potion of gain ability
  z - a blessed potion of healing
  N - an uncursed potion of invisibility
  P - an uncursed potion of levitation
  n - an uncursed potion of paralysis
 Rings    ('=')
  y - a cursed ring of teleportation named curserd
 Wands    ('/')
  A - a wand of light (0:0)
  a - a wand of secret door detection (0:6)
  B - a wand of sleep (0:1)
  E - a wand of speed monster (0:3)
 Tools    ('(')
  g - an uncursed blindfold named ok
  V - a can of grease (0:14)
  Y - an expensive camera (0:81)
  Q - an uncursed leash
  e - an uncursed lock pick
  K - a magic marker (0:36)
  W - a cursed magic whistle
  S - an uncursed stethoscope
  U - a +0 unicorn horn
 Gems/Stones  ('*')
  M - an uncursed diamond
  f - an uncursed jade stone
  r - 2 uncursed worthless pieces of black glass
  h - a cursed worthless piece of black glass
  m - an uncursed worthless piece of blue glass
  t - 2 uncursed worthless pieces of green glass
  x - 3 uncursed worthless pieces of orange glass
  l - 3 uncursed worthless pieces of yellow glass
  d - an uncursed luckstone

CheBegorr4h the Rogue's attributes:

Background:
 You were a Rogue, level 9 male human.
 You were chaotic, nominally on a mission for Kos
 who was opposed by Issek (lawful) and Mog (neutral).
 You were right-handed.
 You were in the Dungeons of Doom, on level 23.
 You entered the dungeon 11800 turns ago.
 You had 4342 experience points, 778 more were needed to attain level 10.

Basics:
 You had 0 out of 93 hit points.
 You had all 36 energy points (spell power).
 Your armor class was -1.
 Your wallet contained 363 zorkmids.
 Autopickup was on for '$!/(' plus thrown, with exceptions.

Final Characteristics:
 Your strength was 15 (limit:18/100).
 Your dexterity was 18 (base:17, peak:18, limit:18).
 Your constitution was 18 (limit:18).
 Your intelligence was 10 (limit:18).
 Your wisdom was 12 (limit:18).
 Your charisma was 10 (limit:18).

Final Status:
 You weren't hungry.
 You were unencumbered.
 You were wielding a saber.
 You had basic skill with saber and could have enhanced that.

Final Attributes:
 You were piously aligned.
 You were shock resistant.
 Your items were protected from electric shocks.
 You were poison resistant.
 You were invisible.
 You were stealthy.
 You could jump.
 You could survive without air.
 You were guarded.
 You were very fast.
 You were lucky.
 You had extra luck.
 Bad luck did not time out for you.
 Good luck did not time out for you.
 You are dead.

Miscellaneous:
 You didn't encounter any bones levels.
 Total elapsed playing time was 2 hours, 1 minute and 33 seconds.

Major events:
 Turn
    1: CheBegorr4h the chaotic male human Rogue entered the dungeon
  682: attained the rank of Cutpurse (level 3)
 1020: entered the Gnomish Mines
 3706: attained the rank of Rogue (level 6)
11800: killed by a sergeant

You didn't know any spells.

Skills:
 Fighting Skills
   bare handed combat [Unskilled]
   two weapon combat  [Unskilled]
   riding             [Unskilled]
 Weapon Skills
   dagger             [Skilled]
   knife              [Unskilled]
   short sword        [Basic]
   broadsword         [Unskilled]
   long sword         [Unskilled]
   two-handed sword   [Unskilled]
   saber              [Basic]
   club               [Unskilled]
   mace               [Unskilled]
   morning star       [Unskilled]
   flail              [Unskilled]
   hammer             [Unskilled]
   polearms           [Unskilled]
   spear              [Unskilled]
   crossbow           [Unskilled]
   dart               [Unskilled]
   shuriken           [Unskilled]
 Spellcasting Skills
   divination spells  [Unskilled]
   escape spells      [Unskilled]
   matter spells      [Unskilled]

Voluntary challenges:
 Character rerolling was not enabled.
 You followed a strict vegan diet.
 You were an atheist.
 You never genocided any monsters.
 You never polymorphed an object.
 You never changed form.
 You used no wishes.
Achievements:
 You attained the rank of Cutpurse.
 You entered a shop.
 You entered the Gnomish Mines.
 You attained the rank of Rogue.

 The Dungeons of Doom: levels 1 to 23
    Level 1:
       An altar, a sink.
    Level 2:
       A grave.
    Level 3:
       A vegetarian food shop.
       Stairs down to The Gnomish Mines.
    Level 4:
       An armor shop, a fountain.
    Level 5:
       An armor shop, a grave.
    Level 6:
       A general store.
    Level 7:
       A fountain.
    Level 8:
       A fountain.
    Level 9:
       Many fountains.
       Oracle of Delphi.
    Level 10:
       A throne, a fountain.
    Level 11:
       A sink.
    Level 12:
       Some fountains.
    Level 13: "2sb chgestSB shop"
       A general store, a fountain, a grave.
    Level 14:
       A vegetarian food shop.
    Level 15:
       A fountain, a grave.
       Summoned by the Master of Thieves.
    Level 16:
       A primitive area.
    Level 17:
    Level 18:
       Many altars.
    Level 19:
    Level 20:
    Level 21:
    Level 22:
       A fountain.
    Level 23: <- You were here.
       A fountain.
       Final resting place for
          you, killed by a sergeant.
 The Gnomish Mines: levels 4 to 5
    Level 4:
    Level 5:


Vanquished creatures:
  a ghost
  a queen bee
  a stalker
  a black naga
  3 wargs
  6 small mimics
  2 xans
  a quantum mechanic
  a gelatinous cube
  a large dog
  a large cat
  a tiger
  a leocrotta
 an elf mummy
  a human mummy
  a python
  2 wraiths
  a leather golem
  a cockatrice
  3 wolves
  a lynx
  a panther
  a leprechaun
  2 mumakil
  a giant spider
  a black light
  a vampire bat
  a brown pudding
  a rust monster
 an owlbear
  a Green-elf
  2 lizards
  2 dingoes
  a white unicorn
  a gray unicorn
  a gnome mummy
  2 snakes
  4 apes
  a soldier ant
  2 fire ants
  2 wood nymphs
  a water nymph
  a mountain nymph
  3 Uruk-hai
 an orc shaman
  2 rock piercers
  2 rock moles
  2 yellow lights
  a shrieker
  a gnome leader
  2 kobold mummies
  a ghoul
  2 straw golems
  a paper golem
  5 giant ants
  a little dog
  5 floating eyes
  a kitten
  8 dwarves
  2 homunculi
  a kobold leader
  a kobold shaman
  6 rothes
  a rabid rat
  a centipede
  2 giant bats
  a monkey
 an orc zombie
  a dwarf zombie
  a wererat
  2 werejackals
  8 iguanas
  5 killer bees
  2 acid blobs
  2 coyotes
  2 gas spores
  4 hobbits
  2 cave spiders
  a brown mold
  a yellow mold
  2 green molds
 11 gnomes
 12 garter snakes
  8 geckos
  4 jackals
  2 foxes
  2 kobolds
  a goblin
  a sewer rat
  7 grid bugs
  2 bats
  6 lichens
  3 kobold zombies
  4 newts
213 creatures vanquished.

No species were genocided or became extinct.

Game over:
                       ----------
                      /          \
                     /    REST    \
                    /      IN      \
                   /     PEACE      \
                  /                  \
                  |   CheBegorr4h    |
                  |      363 Au      |
                  |   killed by a    |
                  |     sergeant     |
                  |                  |
                  |                  |
                  |       2026       |
                 *|     *  *  *      | *
        _________)/\\_//(\/(/\)/\//\/|_)_______

Goodbye CheBegorr4h the Rogue...

You died in The Dungeons of Doom on dungeon level 23 with 21131 points,
and 363 pieces of gold, after 11800 moves.
You were level 9 with a maximum of 93 hit points when you died.

